 Dungeon Crawl Stone Soup version 0.27.1-35-g4d5d836560 (webtiles) character file.

Game seed: 2486860895048765187

744 bootyos the Skirmisher (level 7, -10/78 HPs)
             Began as an Ogre Berserker on May 7, 2022.
             Was a Believer of Trog.
             Mangled by Duvessa (12 damage)
             ... on level 4 of the Dungeon.
             The game lasted 00:09:34 (3846 turns).

bootyos the Skirmisher (Ogre Berserker)             Turns: 3846, Time: 00:09:35

Health: -10/78     AC:  7    Str: 24    XL:     7   Next: 76%
Magic:  7/7        EV: 11    Int:  8    God:    Trog [**....]
Gold:   138        SH:  0    Dex: 14    Spells: 6/6 levels left

rFire    . . .     SeeInvis .   a - +1 hand axe
rCold    . . .     Faith    +   (no shield)
rNeg     . . .     Spirit   .   b - +0 animal skin
rPois    .         Reflect  .   (helmet restricted)
rElec    .         Harm     .   (no cloak)
rCorr    .         Rampage  .   (gloves unavailable)
Will     .....                  (boots unavailable)
Stlth    +.........             g - amulet of faith
HPRegen  0.23/turn              l - +6 ring of dexterity
MPRegen  0.10/turn              p - +4 ring of protection

@: about to teleport, on berserk cooldown, flying, slowed, very slow
A: large, unfitting armour, tough skin 1
a: Renounce Religion, Berserk, Trog's Hand


You were on level 4 of the Dungeon.
You worshipped Trog.
Trog was pleased with you.
You visited 1 branch of the dungeon, and saw 4 of its levels.

You collected 138 gold pieces.

Inventory:

Hand Weapons
 a - a +1 hand axe (weapon)
Armour
 b - a +0 animal skin (worn)
Jewellery
 g - an amulet of faith (around neck)
 l - a +6 ring of dexterity (left hand)
 p - a +4 ring of protection (right hand)
 r - a ring of ice
Wands
 m - a wand of polymorph (8)
 n - a wand of digging (4)
Scrolls
 e - a scroll of enchant armour {unknown}
 i - 3 scrolls of noise
 o - a scroll of enchant weapon
 q - 2 scrolls of magic mapping
Potions
 c - a potion of invisibility {unknown}
 d - a potion of haste {unknown}
 h - a potion of berserk rage {unknown}
 k - a potion of lignification {unknown}
 s - 2 potions of curing {unknown}


   Skills:
 + Level 7.4 Fighting
 + Level 5.6 Axes
 + Level 5.1 Dodging


You had 6 spell levels left.
You didn't know any spells.
Your spell library was empty.

Dungeon Overview and Level Annotations

Branches:
Dungeon (4/15)
 Temple: D:4-7

Altars:
Nemelex Xobeh
Trog
Uskayaw
Wu Jian

Shops:
D:1 *   D:4 *

Annotations:
D:4 Duvessa


Innate Abilities, Weirdness & Mutations

You are too large for most types of armour.
You have tough skin. (AC +1)


Message History

Duvessa barely misses you.
You hit Duvessa.
Duvessa is severely wounded.
Duvessa hits you with a +0 short sword.
You barely miss Duvessa.
Duvessa is severely wounded.
You are no longer berserk.
You are exhausted.
You feel yourself slow down. Duvessa hits you with a +0 short sword!
Unknown command.
You hit Duvessa but do no damage.
Duvessa is severely wounded.
You feel the effects of Trog's Hand fading.
Duvessa hits you with a +0 short sword! x2
Unknown command.
You hit Duvessa.
Duvessa is almost dead.
Duvessa hits you with a +0 short sword. x3
* * * LOW HITPOINT WARNING * * *
You feel very buoyant.
You fly up into the air.
Duvessa hits you with a +0 short sword.
* * * LOW HITPOINT WARNING * * *
Duvessa hits you with a +0 short sword.
* * * LOW HITPOINT WARNING * * *
You hit Duvessa but do no damage.
Duvessa is almost dead.
Duvessa hits you with a +0 short sword.
* * * LOW HITPOINT WARNING * * *
Duvessa hits you but does no damage.
You hit Duvessa but do no damage.
Duvessa is almost dead.
Your skin stops crawling.
You feel less strong-willed. Duvessa completely misses you.
Duvessa barely misses you. Duvessa hits you with a +0 short sword.
* * * LOW HITPOINT WARNING * * *
As you read the scroll of teleportation, it crumbles to dust.
You feel strangely unstable. Duvessa hits you with a +0 short sword!
* * * LOW HITPOINT WARNING * * *
Duvessa hits you with a +0 short sword!
You die...

..............# #..
....####......###.. #
#...........
#...........
#####...........
#.......###∩....
.#.######.......###.....
........#........##.....
.......@e...........>...
........#......#.##.....
........#...............
........#......#...#.##.
.....(..#########))..##.
........# #.)..##.
.#.###### #....##. #.
#....##. #....###


You could see Duvessa (berserk).

Vanquished Creatures
  Pikel (D:4)
  3 lemures (D:4)
  A bullfrog (D:4)
  Dowan (D:4)
  A bullfrog zombie (D:3)
  An iguana (D:3)
  4 adders
  3 worms
  A dart slug (D:2)
  4 orcs (D:4)
  5 bats
  5 endoplasms
  4 giant cockroaches
  5 goblins
  6 hobgoblins
  4 jackals
  3 kobolds
  2 quokkas
  3 ball pythons
  A frilled lizard (D:2)
  5 rats
  A spectral hobgoblin (D:1)
64 creatures vanquished.

Notes
Turn   | Place    | Note
-------+----------+-------------------------------------------
     0 | D:1      | bootyos the Ogre Berserker began the quest for the Orb.
     0 | D:1      | Reached XP level 1. HP: 24/24 MP: 1/1
   133 | D:1      | Found a faded altar of an unknown god.
   337 | D:1      | Reached XP level 2. HP: 19/31 MP: 2/2
   636 | D:1      | Found Lutuet's Assorted Antiques.
  1004 | D:2      | Reached XP level 3. HP: 26/40 MP: 3/3
  2093 | D:3      | Reached ** piety under Trog
  2100 | D:3      | Reached XP level 4. HP: 14/49 MP: 4/4
  2383 | D:3      | Reached skill level 5 in Fighting
  2537 | D:3      | Found an ornate altar of the Wu Jian Council.
  2712 | D:3      | Reached XP level 5. HP: 39/57 MP: 5/5
  2916 | D:3      | Found a large runed translucent door.
  2917 | D:3      | Found a large runed translucent door.
  2998 | D:3      | Found a bloodstained altar of Trog.
  3010 | D:3      | Found a hide-covered altar of Uskayaw.
  3412 | D:4      | Found a sparkling altar of Nemelex Xobeh.
  3534 | D:4      | Noticed Pikel
  3534 | D:4      | Noticed a lemure
  3534 | D:4      | Noticed a lemure
  3536 | D:4      | Noticed a lemure
  3536 | D:4      | Noticed a lemure
  3540 | D:4      | Killed a lemure
  3546 | D:4      | Killed a lemure
  3551 | D:4      | Killed Pikel
  3551 | D:4      | Killed a lemure
  3552 | D:4      | Reached skill level 7 in Fighting
  3552 | D:4      | Reached skill level 5 in Axes
  3552 | D:4      | Reached skill level 5 in Dodging
  3552 | D:4      | Reached XP level 6. HP: 71/71 MP: 6/6
  3552 | D:4      | Reached XP level 7. HP: 78/78 MP: 7/7
  3698 | D:4      | Found Mevownig's Assorted Antiques.
  3807 | D:4      | Noticed Dowan
  3808 | D:4      | Noticed Duvessa
  3834 | D:4      | Killed Dowan
  3846 | D:4      | HP: 2/78 [Duvessa (7)]
  3846 | D:4      | Mangled by Duvessa

Illustrated notes

Levels and vault maps discovered:
D:1:      ncdulo_halloftheorcs, layout_basic,
          dreamdust_ecumenical_altar_drowned_temple, serial_shops,
          nicolae_shop_waterfront
D:2:      layout_loops_ring
D:3:      layout_rooms, nicolae_wu_jian_wuxing_cycle, jmf_multi_god_temple2
D:4:      layout_basic, mainiacjoe_overflow_small_starburst, serial_shops, shop,
          minmay_cut_off, uniq_duvessa, uniq_pikel, uniq_natasha

Skill      XL: |  1  2  3  4  5 |
---------------+----------------+-----
Dodging        | 3 5 |  5.1
Fighting       | 5 7 |  7.4
Axes           | 4 5 |  5.6

Action                   |  1- 3 |  4- 6 |  7- 9 || total
-------------------------+-------+-------+-------++-------
Melee: Hand axe          |   102 |    98 |    35 ||   235
Invok: Berserk           |       |     2 |     1 ||     3
       Trog's Hand       |       |     1 |     1 ||     2
  Use: Scroll            |     1 |     3 |     2 ||     6
       Potion            |       |       |     1 ||     1
 Stab: Distracted        |       |     1 |       ||     1
Armor: Animal skin       |    23 |    26 |    12 ||    61
Dodge: Dodged            |    68 |    66 |    17 ||   151
